 Dungeon Crawl Stone Soup version 0.29-a0-923-g6e406bff71 (webtiles) character file.

Game seed: 15116076035353229173

16464 Pooter the Cleaver (level 12, 0/105 HPs)
             Began as a Minotaur Hunter on July 27, 2022.
             Was a High Priest of Okawaru.
             Slain by an ogre mage
             ... wielding a +2 spear of flaming
              (2 damage)
             ... in a volcano.
             The game lasted 01:11:33 (13533 turns).

Pooter the Cleaver (Minotaur Hunter)               Turns: 13533, Time: 01:11:33

Health: 0/105      AC: 19    Str: 24    XL:     12   Next: 10%
Magic:  13/14      EV: 11    Int:  6    God:    Okawaru [*****.]
Gold:   584        SH:  0    Dex: 17    Spells: 11/11 levels left

rFire   + . .      SeeInvis .   a - +3 battleaxe (vorpal)
rCold   . . .      Faith    .   (shield currently unavailable)
rNeg    + . .      Spirit   .   q - +1 plate armour {rN+}
rPois   .          Reflect  .   (helmet restricted)
rElec   .          Harm     .   (no cloak)
rCorr   .          Rampage  .   (no gloves)
Will    .....                   C - +2 pair of boots
Stlth   ..........              (no amulet)
HPRegen 0.27/turn               F - ring of protection from fire
MPRegen 0.14/turn               E - +6 ring of strength

@: heroic, studying Fighting
A: horns 2, retaliatory headbutt
a: Renounce Religion, Heroism, Finesse, Duel


You were in a volcano.
You worshipped Okawaru.
Okawaru was extremely pleased with you.
You visited 3 branches of the dungeon, and saw 12 of its levels.
You also visited: Volcano.

You collected 732 gold pieces.
You spent 148 gold pieces at shops.

Inventory:

Hand Weapons
 a - a +3 vorpal battleaxe (weapon)
   (You took it off an orc warrior on level 7 of the Dungeon)
 b - a +0 arbalest
   (You took it off an orc warrior on level 10 of the Dungeon)
 c - a +3 halberd of freezing
   (You took it off a wight on level 9 of the Dungeon)
 o - the +10 sling of Exoneration {venom, rF+ rCorr Int+7}
   (You found it on level 6 of the Dungeon)

   Any ammunition fired from it poisons the flesh of those it strikes.
   Int:       It affects your intelligence (+7).
   rF:        It protects you from fire.
   rCorr:     It protects you from acid and corrosion.
 s - a +2 vampiric war axe
   (You found it on level 10 of the Dungeon)
 K - a +0 shortbow
 O - a +3 scimitar of flaming
   (You took it off Erica on level 10 of the Dungeon)
 X - a +2 war axe of electrocution
   (You took it off a wight on level 9 of the Dungeon)
 Z - a +0 trident
   (You took it off an orc on level 3 of the Dungeon)
Missiles
 r - 13 boomerangs (quivered)
 w - a boomerang of dispersal {!f}
 B - 20 poisoned darts
 P - 4 atropa-tipped darts
 Q - 100 stones
 T - 2 curare-tipped darts
 Y - 4 javelins
Armour
 q - a +1 plate armour of positive energy (worn)
   (You found it on level 10 of the Dungeon)
 C - a +2 pair of boots (worn)
   (You found it on level 3 of the Dungeon)
 L - a +0 buckler
   (You found it on level 4 of the Dungeon)
 M - a +0 pair of gloves
   (You found it on level 7 of the Dungeon)
Jewellery
 n - a ring of willpower
   (You found it on level 10 of the Dungeon)
 E - a +6 ring of strength (right hand)
   (You found it on level 3 of the Dungeon)
 F - a ring of protection from fire (left hand)
   (You found it on level 1 of the Dungeon)
 G - an amulet of magic regeneration
   (You found it on level 8 of the Dungeon)
 I - a ring of protection from cold
   (You found it on level 7 of the Dungeon)
 N - a ring of ice
   (You found it on level 10 of the Dungeon)
 W - a ring of wizardry
   (You found it on level 1 of the Dungeon)
Wands
 f - a wand of flame (20)
   (You took it off a wight on level 9 of the Dungeon)
 D - a wand of digging (6)
   (You found it on level 8 of the Dungeon)
 U - a wand of light (15)
   (You found it on level 8 of the Dungeon)
Scrolls
 g - a scroll of immolation {!r}
 l - 2 scrolls of poison {!r}
 m - a scroll of amnesia
 t - 3 scrolls of teleportation {@r4}
 x - 5 scrolls of fear
 y - 3 scrolls of silence
 J - a scroll of magic mapping
Potions
 d - 2 potions of brilliance
 e - 2 potions of might {unknown}
 h - 5 potions of curing {@q1}
 j - a potion of berserk rage {unknown}
 k - 2 potions of cancellation {unknown}
 p - 2 potions of attraction {unknown}
 u - 2 potions of flight {unknown}
 v - a potion of magic {unknown}
 z - 3 potions of lignification {unknown}
 A - a potion of ambrosia {unknown}
 H - a potion of mutation {unknown}
 R - 2 potions of invisibility {unknown}
 S - 3 potions of haste {@q3}
 V - a potion of degeneration {unknown}


   Skills:
 + Level 9.5(14.5) Fighting
 * Level 12.4(17.4) Axes
 * Level 12.2(17.2) Ranged Weapons
 + Level 4.8(9.8) Throwing
 - Level 6.1(11.1) Armour
 - Level 2.4(7.4) Dodging
 - Level 4.7(9.7) Stealth
 + Level 4.7 Invocations
 + Level 4.1 Evocations


You had 11 spell levels left.
You didn't know any spells.
Your spell library contained the following spells:

 Spells                   Type           Power      Damage    Failure   Level
 Freeze                   Ice            0%         1d3       99%         1
 Slow                     Hex            0%         N/A       99%         1
 Blink                    Tloc           0%         N/A       100%        2
 Confusing Touch          Hex            0%         N/A       100%        3
 Frozen Ramparts          Ice            0%         1d2       100%        3
 Portal Projectile        Hex/Tloc       0%         N/A       100%        3
 Vampiric Draining        Necr           0%         2d6       100%        3
 Hailstorm                Conj/Ice       0%         3d3       100%        4
 Ice Form                 Ice/Tmut       0%         N/A       100%        4
 Leda's Liquefaction      Hex/Erth       0%         N/A       100%        4
 Manifold Assault         Tloc           0%         N/A       100%        5
 Storm Form               Tmut/Air       0%         N/A       100%        7
 Call Canine Familiar     Summ           Unusable   N/A       N/A         3
 Summon Ice Beast         Ice/Summ       Unusable   N/A       N/A         4

Dungeon Overview and Level Annotations

Branches:
Dungeon (10/15)            Temple (1/1) D:4            Lair (1/5) D:10
Volcano (1/1)
    Orc: D:9-12

Altars:
Ashenzari
Dithmenos
Elyvilon
Gozag
Hepliaklqana
Kikubaaqudgha
Nemelex Xobeh
Okawaru
Qazlal
Ru
Uskayaw
Vehumet
Xom
Yredelemnul
Zin
The Shining One

Shops:
D:3 ?


Innate Abilities, Weirdness & Mutations

You have a pair of horns on your head.
You reflexively headbutt those who attack you in melee.


Message History

* * * LOW HITPOINT WARNING * * *
The two-headed ogre burns you.
* * * LOW HITPOINT WARNING * * *
The two-headed ogre closely misses you.
The ogre mage hits you with a +2 spear of flaming.
* * * LOW HITPOINT WARNING * * *
There is an open door here.
Items here: )))) †.
You completely miss the two-headed ogre.
You closely miss the ogre mage. The ogre mage casts a spell at you.
You resist with significant effort.
The two-headed ogre hits you with a +2 great mace of flaming!
* * * LOW HITPOINT WARNING * * *
The two-headed ogre burns you.
* * * LOW HITPOINT WARNING * * *
The two-headed ogre closely misses you.
You hit the two-headed ogre.
You headbutt the two-headed ogre, but do no damage.
You slash the ogre mage!
The ogre mage hits you with a +2 spear of flaming!
* * * LOW HITPOINT WARNING * * *
The ogre mage burns you.
* * * LOW HITPOINT WARNING * * *
You slash the two-headed ogre! You barely miss the ogre mage.
The two-headed ogre closely misses you.
The two-headed ogre hits you with a +0 giant club of flaming!
* * * LOW HITPOINT WARNING * * *
The two-headed ogre burns you.
* * * LOW HITPOINT WARNING * * *
You hit the two-headed ogre. You barely miss the ogre mage.
The ogre mage barely misses you.
You slice the two-headed ogre!!
You kill the two-headed ogre!
Okawaru is honoured by your kill.
You hit the ogre mage but do no damage.
Aim: an ogre mage, wielding a +2 spear of flaming and wearing a +1 robe of fire resistance (moderately wounded, 84% to hit)
The bolt of light hits the ogre mage!
The ogre mage is blinded.
The ogre mage misses you. You furiously retaliate!
You headbutt the ogre mage! You slash the ogre mage!
You headbutt the ogre mage.
The ogre mage mumbles some strange words.
The ogre mage flickers and vanishes!
Deactivating autopickup; reactivate with Ctrl-A.
You miss something. You closely miss something. Your headbutt misses something.
Something hits you.
* * * LOW HITPOINT WARNING * * *
You barely miss something. Something hits you.
You die...

≈§≈≈≈ ≈≈≈≈ ≈§§≈ ≈ ≈≈≈
####### +.....+ #.8_8.#
#..){.# #@# ≈≈≈≈≈≈. #.#
§≈≈§§≈.# #.# §≈≈§§§≈.#
#.# ≈≈≈§§§≈.# #.#
≈§≈≈≈§≈.# #.# ≈§≈§≈≈≈.#
#.#
≈≈§≈§≈≈.########+######
≈§§§§§≈≈...§§.§§...§§..


There were no monsters in sight!

Vanquished Creatures
  A boulder beetle (D:10)
  Erica (D:10)
  3 two-headed ogres (Volcano)
  An ugly thing (D:10)
  An ice statue (D:8)
  A gargoyle (D:7)
  A komodo dragon (Lair:1)
  A freezing wraith (D:10)
  An efreet (D:10)
  6 ice devils (D:8)
  A hornet (D:9)
  A slime creature (D:10)
  19 yaks
  A wraith (D:9)
  4 wyverns
  2 fire bats (Volcano)
  A golden eye (shapeshifter) (D:10)
  2 steam dragons
  4 vampire mosquitoes
  2 acid dragons
  A water moccasin (D:5)
  6 ice beasts
  5 orc warriors
  2 black bears
  5 centaurs
  3 ogres
  A phantom (D:6)
  2 kobold brigands
  3 scorpions
  5 bullfrogs
  2 necrophages
  A gnoll sergeant (D:10)
  12 wights
  4 killer bees (D:8)
  4 howler monkeys
  3 lava snakes (Volcano)
  4 jellies
  5 hounds (D:5)
  An orc priest (D:7)
  3 iguanas (D:5)
  Natasha (D:2)
  14 orc wizards
  Terence (D:2)
  20 gnolls
  6 adders
  A white imp (D:8)
  7 ufetubi
  A worm (D:2)
  49 orcs
  4 ball pythons
  5 bats
  12 endoplasms
  A giant cockroach (D:1)
  3 goblins
  7 hobgoblins
  11 jackals (D:4)
  11 quokkas
  2 frilled lizards
  16 kobolds
  4 rats
302 creatures vanquished.

Vanquished Creatures (others)
  9 fungi
  41 plants
50 creatures vanquished.

Grand Total: 352 creatures vanquished

Notes
Turn   | Place    | Note
-------+----------+-------------------------------------------
     0 | D:1      | Pooter the Minotaur Hunter began the quest for the Orb.
     0 | D:1      | Reached XP level 1. HP: 18/18 MP: 0/0
   178 | D:1      | Reached skill level 1 in Stealth
   216 | D:1      | Reached XP level 2. HP: 18/25 MP: 1/1
   738 | D:1      | Reached skill level 1 in Axes
  1293 | D:2      | Reached XP level 3. HP: 30/30 MP: 2/2
  1843 | D:2      | Noticed Terence
  1855 | D:2      | Killed Terence
  1856 | D:2      | Reached skill level 5 in Ranged Weapons
  1856 | D:2      | Reached XP level 4. HP: 36/38 MP: 3/3
  2092 | D:2      | Noticed Natasha
  2098 | D:2      | Killed Natasha
  2099 | D:2      | Reached skill level 1 in Armour
  2625 | D:3      | Found Kimoxt's Magic Scroll Shop.
  2636 | D:3      | Bought a scroll of silence for 104 gold pieces
  2636 | D:3      | Bought a scroll of identify for 22 gold pieces
  2636 | D:3      | Bought a scroll of identify for 22 gold pieces
  2789 | D:4      | Found a staircase to the Ecumenical Temple.
  2797 | Temple   | Entered the Ecumenical Temple
  2813 | Temple   | Became a worshipper of Warmaster Okawaru
  2888 | D:4      | Reached XP level 5. HP: 45/45 MP: 4/4
  2971 | D:4      | Reached XP level 6. HP: 41/51 MP: 5/5
  3161 | D:4      | Reached * piety under Okawaru
  3284 | D:4      | Reached XP level 7. HP: 52/59 MP: 6/6
  3687 | D:4      | Reached skill level 5 in Axes
  4121 | D:5      | Entered Level 5 of the Dungeon
  4312 | D:5      | Reached ** piety under Okawaru
  4381 | D:5      | Reached XP level 8. HP: 47/67 MP: 4/7
  4695 | D:5      | Found a basalt altar of Yredelemnul.
  4867 | D:5      | Reached skill level 5 in Fighting
  5568 | D:6      | Reached *** piety under Okawaru
  5569 | D:6      | Reached XP level 9. HP: 75/75 MP: 8/8
  5654 | D:6      | Reached skill level 5 in Armour
  6389 | D:6      | Identified the +10 sling of Exoneration {venom, rF+ rCorr
                  | Int+7}
  7158 | D:7      | Noticed a gargoyle
  7171 | D:7      | Killed a gargoyle
  7815 | D:7      | Found a radiant altar of Vehumet.
  7993 | D:8      | Noticed an ice devil
  8501 | D:8      | Reached XP level 10. HP: 84/84 MP: 6/9
  8508 | D:8      | Reached skill level 1 in Throwing
  8638 | D:8      | Reached **** piety under Okawaru
  8797 | D:8      | Noticed an ice statue
  8839 | D:8      | Reached skill level 10 in Ranged Weapons
  8839 | D:8      | Reached skill level 1 in Invocations
  8839 | D:8      | Reached skill level 1 in Evocations
  8844 | D:8      | Reached skill level 10 in Axes
  9294 | D:8      | Killed an ice statue
 10150 | D:9      | Reached XP level 11. HP: 60/94 MP: 9/12
 10154 | D:9      | Reached ***** piety under Okawaru
 10554 | D:9      | Found a hide-covered altar of Uskayaw.
 10559 | D:9      | Found a hazy altar of Hepliaklqana.
 10559 | D:9      | Found an ancient bone altar of Kikubaaqudgha.
 10559 | D:9      | Found a shadowy altar of Dithmenos.
 11102 | D:10     | Entered Level 10 of the Dungeon
 11443 | D:10     | Found a staircase to the Lair.
 11674 | D:10     | Noticed a brown ugly thing
 11681 | D:10     | Noticed a boulder beetle
 11692 | D:10     | Received a gift from Okawaru
 11700 | D:10     | Killed a boulder beetle
 11720 | D:10     | Identified the +5 trident "Qeryumm" {drain, rCorr Stlth+}
 12252 | D:10     | Noticed Erica
 12257 | D:10     | Killed Erica
 12442 | D:10     | Found a broken altar of Ashenzari.
 12500 | D:10     | Killed a brown ugly thing
 12722 | Lair:1   | Entered Level 1 of the Lair of Beasts
 12738 | Lair:1   | Received a gift from Okawaru
 12753 | Lair:1   | Found a dark tunnel.
 13071 | Volcano  | Entered a volcano
 13513 | Volcano  | Found a burning altar of Makhleb.
 13513 | Volcano  | Noticed a two-headed ogre
 13513 | Volcano  | Noticed an ogre mage
 13513 | Volcano  | Noticed a two-headed ogre
 13513 | Volcano  | Noticed a two-headed ogre
 13520 | Volcano  | Killed a two-headed ogre
 13521 | Volcano  | Reached XP level 12. HP: 52/104 MP: 11/14
 13522 | Volcano  | Killed a two-headed ogre
 13526 | Volcano  | HP: 5/105 [two-headed ogre/+2 great mace of flaming (14)]
 13528 | Volcano  | Killed a two-headed ogre
 13532 | Volcano  | HP: 2/105 [something (3)]
 13533 | Volcano  | Slain by an ogre mage

Illustrated notes

Levels and vault maps discovered:
D:1:      dpeg_arrival_round_a, layout_loops_ring, dreamdust_wishing_well
D:2:      layout_basic, serial_glass, glass_columns_c, glass_columns_c,
          uniq_natasha, uniq_terence
D:3:      layout_rooms, serial_shops, nicolae_shop_trees
D:4:      lemuel_castle_with_subvaults [lemuel_castle_interior_carwin_3],
          layout_loops_ring, minmay_temple_entry_tees
D:5:      cheibrodos_barr_body, layout_gridville,
          mainiacjoe_overflow_small_starburst
D:6:      layout_loops_corners, grunt_decor_junction
D:7:      layout_basic, mainiacjoe_overflow_alcove_4
D:8:      cheibrodos_frozen_isle, layout_rooms
D:9:      layout_irregular_city, grunt_temple_overflow_open
D:10:     minmay_the_grid_triangle_9x9_recursive_2
          [minmay_the_grid_triangle_9x9_prize_insulated,
          minmay_the_grid_triangle_9x9_impossible_snake,
          minmay_the_grid_triangle_9x9_dagger,
          minmay_the_grid_triangle_9x9_warning], layout_gridville,
          cheibrodos_ashenzari_chains, grunt_lair_entry_orc_guard_hut,
          uniq_erica
Temple:   eino_wide_crystal_templ
Lair:1:   layout_gridlike, gauntlet_entry_generic, enter_volcano_2,
          grunt_megastairs_3, serial_bayou_shore_b
Volcano:  volcano_lake [vl_original]

Skill      XL: |  1  2  3  4  5  6  7  8  9 10 11 |
---------------+----------------------------------+-----
Stealth        | 1 2 3 4 |  4.7
Axes           | 1 2 3 4 5 7 9 10 12 | 12.4
Fighting       | 3 4 5 6 7 9 |  9.5
Ranged Weapons | 5 6 7 8 9 10 12 | 12.2
Armour         | 1 2 3 4 6 |  6.1
Throwing       | 3 4 |  4.8
Invocations    | 2 4 |  4.7
Evocations     | 2 4 |  4.1
Dodging        | |  2.4

Action                   |  1- 3 |  4- 6 |  7- 9 | 10-12 || total
-------------------------+-------+-------+-------+-------++-------
Melee: Hand axe          |    25 |     4 |       |       ||    29
       Headbutt          |     7 |     4 |    34 |    32 ||    77
       Trident           |       |    31 |     9 |       ||    40
       Punch             |       |     1 |     3 |       ||     4
       War axe           |       |       |   186 |       ||   186
       Battleaxe         |       |       |    16 |   166 ||   182
 Fire: Shortbow          |    69 |    92 |   123 |       ||   284
       Sling             |       |       |    42 |   122 ||   164
       Arbalest          |       |       |       |    47 ||    47
Throw: Stone             |       |     2 |       |       ||     2
       Dart              |       |       |     1 |     1 ||     2
       Boomerang         |       |       |       |     9 ||     9
Invok: Heroism           |       |       |    20 |    23 ||    43
       Finesse           |       |       |       |     2 ||     2
Evoke: Wand              |       |       |       |    10 ||    10
  Use: Scroll            |     5 |     3 |     6 |     9 ||    23
       Potion            |     1 |       |       |     3 ||     4
 Stab: Invisible         |       |       |       |     3 ||     3
Armor: Chain mail        |     9 |       |       |       ||     9
       Plate armour      |    12 |    52 |   157 |   123 ||   344
Dodge: Dodged            |    10 |    24 |   103 |    88 ||   225
Block: Buckler           |       |       |     3 |       ||     3

Table legend: (Time is in decaauts)
 A = Elapsed time spent in this place.
 B = Non-inter-level travel time spent in this place.
 C = Inter-level travel time spent in this place.
 D = Time resting spent in this place.
 E = Time spent auto-exploring this place.
 F = Levels seen in this place.
 G = Mean time per level.
                   A        B        C        D        E       F      G
               +--------+--------+--------+--------+--------+-----+--------+
         Total |  13757 |  13242 |    515 |   3422 |   7334 |  13 | 1058.2 |
       Dungeon |  12907 |  12404 |    503 |   2921 |   7143 |  10 | 1290.7 |
        Temple |     29 |     17 |     12 |      0 |      5 |   1 |   29.0 |
          Lair |    349 |    349 |      0 |    312 |      0 |   1 |  349.0 |
       Volcano |    470 |    470 |      0 |    189 |    186 |   1 |  470.0 |
               +--------+--------+--------+--------+--------+-----+--------+

Top non-repeatable levels by time:
     D:9: 1634 daAuts
    D:10: 1623 daAuts
     D:4: 1485 daAuts
     D:7: 1435 daAuts
     D:5: 1378 daAuts
     D:2: 1349 daAuts
     D:6: 1303 daAuts
     D:8: 1229 daAuts
     D:1: 922 daAuts
     D:3: 545 daAuts
 Volcano: 470 daAuts
  Lair:1: 349 daAuts
  Temple: 29 daAuts
